 Dungeon Crawl Stone Soup version 0.31-a0-844-gdc52ec4e09 (webtiles) character file.

Game seed: 1058769507471528542

182 Kurtz the Chopper (level 5, -2/36 HPs)
             Began as an Octopode Fighter on Sept 29, 2023.
             Was an Initiate of Okawaru.
             Slain by an orc
             ... wielding a +0 trident
              (8 damage)
             ... on level 3 of the Dungeon.
             The game lasted 00:02:09 (2586 turns).

Kurtz the Chopper (Octopode Fighter)                Turns: 2586, Time: 00:02:10

Health: -2/36      AC:  1    Str: 16    XL:     5   Next: 61%
Magic:  5/5        EV: 13    Int: 10    God:    Okawaru [......]
Gold:   123        SH:  4    Dex: 13    Spells: 4/4 levels left

rFire   . . .        a - +0 war axe
rCold   . . .        b - +0 buckler
rNeg    . . .        (helmet restricted)
rPois   .            (no amulet)
rElec   .            (no ring)
rCorr   .            (no ring)
SInv    .            (no ring)
Will    .....        (no ring)
Stlth   ++           (no ring)
HPRegen 0.26/turn    (no ring)
MPRegen 0.09/turn    (no ring)
                     (no ring)

%: no passive effects
@: no status effects
A: almost no armour, amphibious, 8 rings, camouflage 1, gelatinous body 1,
(nimble swimmer 1), tentacles
a: Renounce Religion


You were on level 3 of the Dungeon.
You worshipped Okawaru.
Okawaru was noncommittal.
You visited 2 branches of the dungeon, and saw 5 of its levels.

You collected 123 gold pieces.

Inventory:

Hand Weapons
 a - a +0 war axe (weapon)
Missiles
 j - 3 poisoned darts
Armour
 b - a +0 buckler (worn)
Scrolls
 d - a scroll of fog {unknown}
 e - a scroll of blinking {unknown}
 g - a scroll of teleportation {unknown}
 h - 2 scrolls of vulnerability {unknown}
 i - 4 scrolls of identify {unknown}
 k - a scroll of noise {unknown}
 l - a scroll of enchant armour {unknown}
Potions
 c - a potion of might
 f - a potion of curing


   Skills:
 * Level 3.3 Fighting
 + Level 5.1 Axes
 - Level 3.2 Dodging
 * Level 0.5 Stealth
 - Level 3.0 Shields
 * Level 0.7 Invocations


You had 4 spell levels left.
You didn't know any spells.
Your spell library was empty.

Dungeon Overview and Level Annotations

Branches:
Dungeon (4/15)             Temple (1/1) D:4

Altars:
Ashenzari
Cheibriados
Elyvilon
Fedhas
Gozag
Hepliaklqana
Nemelex Xobeh
Okawaru
Qazlal
Ru
Sif Muna
Trog
Uskayaw
Vehumet
Wu Jian
Yredelemnul
The Shining One

Shops:
D:1 [

Annotations:
D:4 exclusions: black bear and 1 more exclusion


Innate Abilities, Weirdness & Mutations

You cannot wear most types of armour.
You are amphibious.
You can wear up to eight rings at the same time.
Your skin changes colour to match your surroundings (Stealth+).
Your rubbery body absorbs attacks. (AC +1, EV +1)
((You are camouflaged when in or above water. (Stealth+)))
You have tentacles for arms and can constrict up to eight enemies at once.


Message History

Okawaru accepts your kill.
You barely miss the orc. The orc hits you with a +0 club.
The orc closely misses you.
You slash the orc!
You kill the orc!
Okawaru accepts your kill.
No target in view!
No target in view!
You start resting.
HP restored.
You see here a +1 dagger of holy wrath.
You can't go up here!
There is a stone staircase leading up here.
You climb upwards.
There is a stone staircase leading down here.
You start waiting.
An orc is nearby!
The orc barely misses you.
You hit the orc. You grab the orc.
The orc is moderately wounded.
You constrict the orc. The orc closely misses you.
You barely miss the orc. You squeeze the orc.
You kill the orc!
Okawaru accepts your kill.
The orc shouts!
The orc priest shouts!
The orc priest mumbles some strange prayers to Beogh against you.
Beogh smites you!
Things that are here:
a +0 club; an orc corpse The orc hits you with a +0 trident.
You barely miss the orc. Your grab misses the orc.
The orc hits you with a +0 trident! The orc priest hits you with a +0 mace.
The orc hits you with a +0 trident.
* * * LOW HITPOINT WARNING * * *
You closely miss the orc. Your grab misses the orc.
You hit the orc priest but do no damage.
The orc misses you. The orc priest barely misses you.
Unknown command.
The orc hits you from afar with a +0 trident!
You die...

.............##
..............#
.............>
............#
.........#
#.....# #######
#oo.#
##.....###.###
##.......##@#
#...........#
#.........###
#........>#
#.........##
#.....รท....##
#....)......#
#.......<.###
#.........).#


You could see an orc priest and an orc.

Vanquished Creatures
  Natasha (thrice) (D:2)
  4 adders
  5 orcs
  6 endoplasms
  4 giant cockroaches
  9 hobgoblins
  A quokka (D:3)
  6 ball pythons
  8 bats
  3 frilled lizards
  5 goblins
  9 kobolds
  3 rats
66 creatures vanquished.

Notes
Turn   | Place    | Note
-------+----------+-------------------------------------------
     0 | D:1      | Kurtz the Octopode Fighter began the quest for the Orb.
     0 | D:1      | Reached XP level 1. HP: 16/16 MP: 1/1
   241 | D:1      | Found Raprog's Armour Shoppe.
   254 | D:1      | Reached XP level 2. HP: 21/21 MP: 2/2
   399 | D:1      | Reached skill level 3 in Axes
   763 | D:2      | Reached XP level 3. HP: 26/26 MP: 3/3
  1113 | D:2      | Reached skill level 4 in Axes
  1113 | D:2      | Reached XP level 4. HP: 31/31 MP: 4/4
  1327 | D:2      | Noticed Natasha
  1335 | D:2      | Killed Natasha
  1424 | D:2      | Noticed Natasha
  1433 | D:2      | Killed Natasha
  1437 | D:2      | Noticed Natasha
  1445 | D:2      | Killed Natasha
  1446 | D:2      | Reached XP level 5. HP: 17/36 MP: 5/5
  1708 | D:3      | Reached skill level 5 in Axes
  1920 | D:4      | Found a staircase to the Ecumenical Temple.
  1928 | Temple   | Entered the Ecumenical Temple
  2000 | Temple   | Became a worshipper of Warmaster Okawaru
  2203 | D:4      | Noticed a black bear
  2586 | D:3      | Slain by an orc

Illustrated notes

Levels and vault maps discovered:
D:1:      amcnicky_arrival_underground_garden, layout_basic, serial_shops,
          nicolae_shop_peninsula
D:2:      layout_loops_corners, uniq_natasha
D:3:      layout_rooms, mainiacjoe_overflow_alcove_3, kennysheep_generic_room_2
D:4:      layout_rooms, temple_fountains
Temple:   minmay_temple_bridge_d

Skill      XL: |  1  2  3  4  5 |
---------------+----------------+-----
Axes           | 3 4 5 |  5.1
Fighting       | |  3.3
Dodging        | |  3.2
Stealth        | |  0.5
Shields        | |  3.0
Invocations    | |  0.7

Action                     |  1- 3 |  4- 6 || total
---------------------------+-------+-------++-------
  Melee: War axe           |    64 |    58 ||   122
         Constrict         |    11 |    13 ||    24
         Tentacles         |     8 |     6 ||    14
         Punch             |     2 |     1 ||     3
    Use: Potion            |       |     2 ||     2
   Stab: Sleeping          |     9 |     2 ||    11
 Armour: Skin              |    11 |    33 ||    44
  Dodge: Dodged            |    40 |    41 ||    81
  Block: Buckler           |    10 |    15 ||    25

Table legend: (Time is in decaauts)
 A = Elapsed time spent in this place.
 B = Non-inter-level travel time spent in this place.
 C = Inter-level travel time spent in this place.
 D = Time resting spent in this place.
 E = Time spent auto-exploring this place.
 F = Levels seen in this place.
 G = Mean time per level.
                   A        B        C        D        E       F      G
               +--------+--------+--------+--------+--------+-----+--------+
         Total |   2647 |   2417 |    230 |    196 |   1751 |   5 |  529.4 |
       Dungeon |   2503 |   2412 |     91 |    196 |   1751 |   4 |  625.8 |
        Temple |    143 |      5 |    138 |      0 |      0 |   1 |  143.0 |
               +--------+--------+--------+--------+--------+-----+--------+

Top non-repeatable levels by time:
     D:2: 1095 daAuts
     D:1: 653 daAuts
     D:4: 621 daAuts
  Temple: 143 daAuts
     D:3: 133 daAuts
